 Dungeon Crawl Stone Soup version 0.21-a0-504-g2eda330 (webtiles) character file.

26 4thArraOfDagon the Firebug (level 2, 0/15 HPs)
             Began as a Deep Elf Fire Elementalist on Nov 26, 2017.
             Slain by a worker ant (8 damage)
             ... on level 4 of the Dungeon.
             The game lasted 00:02:51 (401 turns).

4thArraOfDagon the Firebug (DEFE)                    Turns: 401, Time: 00:02:51

Health: 0/15       AC:  3    Str:  5    XL:     2   Next: 89%
Magic:  7/8        EV: 13    Int: 19    God:
Gold:   50         SH:  0    Dex: 15    Spells: 6/7 levels left

rFire    . . .     SeeInvis .   i - +0 short sword
rCold    . . .     Gourm    .   (no shield)
rNeg     . . .     Faith    .   a - +0 robe
rPois    .         Spirit   .   j - +0 helmet
rElec    .         Reflect  .   (no cloak)
rCorr    .         Harm     .   (no gloves)
MR       .....                  (no boots)
Stlth    ++........             (no amulet)
HPRegen  0.05/turn              (no ring)
MPRegen  0.11/turn              (no ring)

@: no status effects
A: no striking features
a: no special abilities


You were on level 4 of the Dungeon.
You were not hungry.

You visited 1 branch of the dungeon, and saw 4 of its levels.

You collected 50 gold pieces.

Inventory:

Hand Weapons
 i - a +0 short sword (weapon)
Armour
 a - a +0 robe (worn)
 j - a +0 helmet (worn)
Wands
 k - a wand of random effects (33)
Scrolls
 e - a scroll of enchant weapon {unknown}
 f - a scroll of immolation {unknown}
 g - a scroll of enchant armour {unknown}
Potions
 h - 2 potions of magic {unknown}
 l - a potion of degeneration {unknown}
Books
 b - a book of Flames

   Spells                             Type                      Level
   a - Flame Tongue                   Conjuration/Fire             1
   b - Throw Flame                    Conjuration/Fire             2
   c - Conjure Flame                  Conjuration/Fire             3
   d - Inner Flame                    Hexes/Fire                   3
   e - Sticky Flame                   Conjuration/Fire             4
   f - Fireball                       Conjuration/Fire             5
Comestibles
 c - a bread ration
 d - a royal jelly


   Skills:
 - Level 2.4 Dodging
 - Level 2.4 Stealth
 + Level 3.4 Spellcasting
 * Level 2.1 Conjurations
 * Level 3.9 Fire Magic


You had 6 spell levels left.
You knew the following spells:

 Your Spells              Type           Power        Failure   Level  Hunger
a - Flame Tongue          Conj/Fire      ##...        4%          1    None


Dungeon Overview and Level Annotations

Branches:
Dungeon (4/15)
 Temple: D:4-7

Altars:
Cheibriados

Annotations:
D:3 1 transporter


Message History

Press: ? - help, Shift-Dir - straight line Evoke which item? (* to show all) (? for menu, Esc to quit)
Aiming: Random Effects
Press: ? - help, Shift-Dir - straight line Nothing appears to happen.
Evoke which item? (* to show all) (? for menu, Esc to quit)
Aiming: Random Effects
Press: ? - help, Shift-Dir - straight line The fireball explodes!
The fireball engulfs something.
Evoke which item? (* to show all) (? for menu, Esc to quit)
Aiming: Random Effects
Press: ? - help, Shift-Dir - straight line Something bites you.
Casting: Flame Tongue
Confirm with . or Enter, or press ? or * to list all spells.
Aiming: Flame Tongue
Press: ? - help, Shift-Dir - straight line The flame tongue hits something.
Something bites you!
Ouch! That really hurt!
You die...

#.....# #.#
#.....# #.#
#.a...# #.# ####+#
#.# .....# #.#
...).# #.# #.<#.#
#.# #.##.# #.#
#.##.# #########@#
#.##.# #.........#
#.##.###.#########
.......#.#
#.##.#.#.#
.....#.#.#
##.###.#.#
.......#.#
##.###.#.#


There were no monsters in sight!

Vanquished Creatures
  An adder (D:3)
  An orc (D:4)
  4 goblins
  4 hobgoblins
  3 kobolds
  2 frilled lizards
  A leopard gecko skeleton (D:4)
  A rat (D:2)
17 creatures vanquished.

Notes
Turn   | Place    | Note
-------+----------+-------------------------------------------
     0 | D:1      | 4thArraOfDagon the Deep Elf Fire Elementalist began the quest for the Orb.
     0 | D:1      | Reached XP level 1. HP: 10/10 MP: 6/6
   131 | D:2      | Reached XP level 2. HP: 15/15 MP: 0/8
   192 | D:3      | Found a snail-covered altar of Cheibriados.
   192 | D:3      | Noticed a necrophage
   194 | D:3      | Noticed a big kobold
   236 | D:3      | Found a transporter.
   348 | D:4      | Noticed a howler monkey
   401 | D:4      | Slain by a worker ant

Vault maps used:
D:1:      nzn_arrival_settlement, serial_co_window_serial, co_window_paths_a,
          co_window_paths_a, co_window_corner_a, co_window_paths_a,
          co_window_paths_a, co_window_paths_a, co_window_broadway_a,
          co_window_corner_ca, co_window_corner_cb, co_window_broadway_a,
          co_window_of_opportunity_b, co_window_2corner, co_window_paths_d,
          glass_columns_a
D:2:      uniq_jessica, uniq_sigmund
D:3:      gammafunk_temple_overflow_arena
D:4:      first_bread

Skill      XL: |  1  2 |
---------------+-------+-----
Conjurations   | 2 |  2.1
Dodging        | |  2.4
Stealth        | |  2.4
Spellcasting   | |  3.4
Fire Magic     | |  3.9

Action                   || total
-------------------------++-------
 Cast: Flame Tongue      ||    32
Evoke: Wand              ||     5
Armor: Robe              ||     2
Dodge: Dodged            ||    12

Table legend:
 A = Spawn XP
 B = Non-spawn XP
 C = Spawn XP percentage of total XP
 D = Spawn monster count
 E = Non-spawn monster count
 F = Spawn count percentage of total count
 G = Total turns spent on level
                    A         B        C        D         E        F      G
               +---------+---------+-------+---------+---------+-------+---------
         Total |       0 |      38 |   0.0 |       0 |      17 |   0.0 |   401
               +---------+---------+-------+---------+---------+-------+---------
           D:1 |       0 |       6 |   0.0 |       0 |       3 |   0.0 |    42
           D:2 |       0 |       9 |   0.0 |       0 |       7 |   0.0 |   150
           D:3 |       0 |      19 |   0.0 |       0 |       5 |   0.0 |   120
           D:4 |       0 |       4 |   0.0 |       0 |       2 |   0.0 |    89
               +---------+---------+-------+---------+---------+-------+---------
